 Dungeon Crawl Stone Soup version 0.28-a0-1404-g4df0f3684d (webtiles) character file.

Game seed: 16034655980518784891

21 HallandMoats the Skirmisher (level 2, 0/24 HPs)
             Began as a Demonspawn Fighter on Jan 5, 2022.
             Engulfed by a cloud of flame (19 damage)
             ... on level 1 of the Dungeon.
             The game lasted 00:00:35 (683 turns).

HallandMoats the Skirmisher (Demonspawn Fighter)     Turns: 683, Time: 00:00:36

Health: 0/24       AC:  6    Str: 16    XL:     2   Next: 62%
Magic:  3/3        EV:  9    Int:  9    God:
Gold:   32         SH:  4    Dex: 12    Spells: 1/1 levels left

rFire   . . .      SeeInvis .   a - +0 rapier
rCold   . . .      Faith    .   c - +0 buckler
rNeg    . . .      Spirit   .   b - +0 scale mail
rPois   .          Reflect  .   (no helmet)
rElec   .          Harm     .   (no cloak)
rCorr   .          Rampage  .   (no gloves)
Will    .....                   (no boots)
Stlth   ..........              (no amulet)
HPRegen 0.08/turn               (no ring)
MPRegen 0.08/turn               (no ring)

@: no status effects
A: demonic guardian 1
a: no special abilities


You were on level 1 of the Dungeon.
You visited 1 branch of the dungeon, and saw 1 of its levels.

You collected 32 gold pieces.

Inventory:

Hand Weapons
 a - a +0 rapier (weapon)
Armour
 b - a +0 scale mail (worn)
 c - a +0 buckler (worn)
Jewellery
 g - an amulet of guardian spirit
Scrolls
 f - a scroll of vulnerability {unknown}
Potions
 d - a potion of might
 e - a potion of heal wounds {unknown}


   Skills:
 + Level 3.1 Fighting
 + Level 1.9 Short Blades
 + Level 2.8 Armour
 + Level 0.4 Dodging
 + Level 2.8 Shields
 * Level 1.8 Invocations


You had one spell level left.
You didn't know any spells.
Your spell library contained the following spells:

 Spells                   Type           Power      Damage    Failure   Level
 Summon Lightning Spire   Summ/Air       0%         N/A       100%        4
 Storm Form               Tmut/Air       0%         N/A       100%        7
 Maxwell's Capacitive Co  Air            0%         ∞         100%        8


Dungeon Overview and Level Annotations

Branches:
Dungeon (1/15)

Altars:


Innate Abilities, Weirdness & Mutations

A weak demonic guardian rushes to your aid.


Message History

A kobold is nearby!
A kobold is nearby!
You hit the kobold.
You kill the kobold!
Things that are here:
a +0 whip; a kobold corpse No target in view!
g - an amulet of guardian spirit No target in view!
Found a leather armour.
No target in view!
You see here a +0 leather armour.
Found 34 stones.
No target in view!
You now have 32 gold pieces (gained 15).
You see here 6 boomerangs.
Key pressed, stopping explore.
No target in view!
A rat comes into view.
No reachable target in view!
A rat is nearby!
No reachable target in view!
A rat is nearby!
No reachable target in view!
A rat is nearby!
No reachable target in view!
A rat is nearby!
No reachable target in view!
A rat is nearby!
The rat is engulfed in blazing flames.
The rat dies!
Really walk into a travel-excluded area? [Y]es or [N]o only, please.
Really walk into a travel-excluded area?
Okay, then.
Really walk into a travel-excluded area?
You are engulfed in blazing flames.
You are engulfed in blazing flames.
Ouch! That really hurt!
You die...

#######...####............#####.#
.......##.###############.#####.#
######.##........# #)##..... #
#.......#####.# #..#.##.# #
#.#.###.# #.## ##....##.# #
#.#.###.# #..## #........#
#.#÷.##.# #...# #......###
####.##.##.# #§°○# #.........
#..........# #@§§# #....####.
#(#####.#### #§§☼# #.#.## #.
#.#####.########...# #.### #.
#.##........§.......§....# #.
#.##.##.###.§☼..).[.§§°..# #†
.....##.# §§.$?...°...# #.
#....[..# ##.?.#####.#######.
###.....# #§..# #.........
#.##### #§○.# #######.##


There were no monsters in sight!

Vanquished Creatures
  A gnoll (D:1)
  A dart slug (D:1)
  A ball python (D:1)
  An endoplasm (D:1)
  A giant cockroach (D:1)
  2 kobolds (D:1)
  A bat (D:1)
  2 rats (D:1)
10 creatures vanquished.

Vanquished Creatures (others)
  A rat (D:1)
1 creature vanquished.

Grand Total: 11 creatures vanquished

Notes
Turn   | Place    | Note
-------+----------+-------------------------------------------
     0 | D:1      | HallandMoats the Demonspawn Fighter began the quest for the
                  | Orb.
     0 | D:1      | Reached XP level 1. HP: 18/18 MP: 1/1
    90 | D:1      | Reached skill level 1 in Invocations
    90 | D:1      | Gained mutation: A weak demonic guardian rushes to your
                  | aid. [demonic ancestry]
    90 | D:1      | Reached XP level 2. HP: 19/24 MP: 1/3
   683 | D:1      | Engulfed by a cloud of flame

Illustrated notes

Levels and vault maps discovered:
D:1:      giann_wishing_wells, layout_loops_cross, lemuel_flame_loot_1

Skill      XL: |  1 |
---------------+----+-----
Invocations    | 1 |  1.8
Fighting       | |  3.1
Short Blades   | |  1.9
Armour         | |  2.8
Dodging        | |  0.4
Shields        | |  2.8

Action                   || total
-------------------------++-------
Melee: Rapier            ||    24
Armor: Scale mail        ||     7
Dodge: Dodged            ||     8
Block: Buckler           ||     4

Table legend: (Time is in decaauts)
 A = Elapsed time spent in this place.
 B = Non-inter-level travel time spent in this place.
 C = Inter-level travel time spent in this place.
 D = Time resting spent in this place.
 E = Time spent auto-exploring this place.
 F = Levels seen in this place.
 G = Mean time per level.
                   A        B        C        D        E       F      G
               +--------+--------+--------+--------+--------+-----+--------+
         Total |    686 |    686 |      0 |      0 |    598 |   1 |  686.0 |
       Dungeon |    686 |    686 |      0 |      0 |    598 |   1 |  686.0 |
               +--------+--------+--------+--------+--------+-----+--------+

Top non-repeatable levels by time:
     D:1: 686 daAuts
